 Dungeon Crawl Stone Soup version 0.13.1-36-g052d4d5 (console) character file.

2391 dragonspawn the Cleaver (level 9, -12/106 HPs)
             Began as a Centaur Berserker on Mar 25, 2014.
             Was a Priest of Trog.
             Mangled by an orc warrior
             ... wielding a +0,+0 orcish great mace
              (27 damage)
             ... on Level 9 of the Dungeon.
             The game lasted 00:19:08 (2506 turns).

dragonspawn the Cleaver (Centaur Berserker)         Turns: 2506, Time: 00:19:09

HP -12/106       AC  7     Str 24      XL: 9   Next: 11%
MP   6/6         EV  7     Int  9      God: Trog [***...]
Gold 220         SH  0     Dex 10      Spells:  0 memorised,  8 levels left

Res.Fire  : . . .   See Invis. : .   G - -1,+0 orc war axe
Res.Cold  : . . .   Warding    : .   q - -2 orc scale mail (curse)
Life Prot.: . . .   Conserve   : .   (no shield)
Res.Poison: .       Res.Corr.  : .   o - +0 helmet
Res.Elec. : .       Clarity    : .   w - +0 cloak
Sust.Abil.: . .     Spirit.Shd : .   C - +0 pair of gauntlets
Res.Mut.  : .       Stasis     : .   (no barding)
Res.Rott. : .       Flight     : .   z - amulet of faith
Saprovore : . . .                    (no ring)
                                     A - ring of protection from magic

@: regenerating, berserking, very quick, extremely resistant to hostile
enchantments, extremely unstealthy
A: hooves 3, deformed body, herbivore 1, speed 2, fast metabolism 1, tough skin
3
a: Burn Spellbooks, Berserk, Trog's Hand, Renounce Religion


You were on level 9 of the Dungeon.
You worshipped Trog.
Trog was most pleased with you.
You were hungry.

You visited 2 branches of the dungeon, and saw 10 of its levels.

You collected 200 gold pieces.

Inventory:

Hand weapons
 t - a +0,+0 hand axe (quivered)
 G - a -1,+0 orcish war axe (weapon)
Armour
 o - a +0 helmet (worn)
 q - a cursed -2 orcish scale mail (worn)
 w - a +0 cloak (worn)
 x - the +6 shield of the gong {rElec rN+ MR+}
   (You found it on level 5 of the Dungeon)

   It insulates you from electricity.
   It protects you from negative energy.
   It affects your resistance to hostile enchantments.
 C - a +0 pair of gauntlets (worn)
 J - a +1 chain mail
Magical devices
 b - a wand of frost (10)
 r - a wand of frost (11)
 B - a wand of polymorph (3)
 H - a wand of random effects (16)
Comestibles
 a - a chunk of orc flesh
 c - 4 bread rations
 k - 2 meat rations
 m - a sausage
 v - an apple
 F - a pear
Scrolls
 d - a scroll of summoning {unknown}
 i - 2 scrolls of remove curse
 j - 3 scrolls of curse jewellery {unknown}
 l - a scroll of amnesia
 n - a scroll of enchant weapon I
 s - 2 scrolls of blinking {unknown}
 y - a scroll of immolation
 D - a scroll of recharging
 E - 2 scrolls of enchant weapon II
 I - a scroll of fear {unknown}
 K - a scroll of acquirement {unknown}
 L - a scroll of identify
Jewellery
 z - an amulet of faith (around neck)
 A - a ring of protection from magic (left hand)
Potions
 e - a potion of might
 f - 2 potions of brilliance
 g - 2 potions of resistance
 h - a potion of porridge {unknown}
 p - 5 potions of curing
 u - a potion of confusion {unknown}


   Skills:
 - Level 3.0 Fighting
 + Level 11.2 Axes
 - Level 1.3 Armour
 - Level 1.3 Dodging


You had 8 spell levels left.
You didn't know any spells.

Dungeon Overview and Level Annotations

Branches:
Dungeon (9/27)             Temple (1/1) D:4
    Orc: D:6-11        Lair: D:8-13

Altars:
Ashenzari
Cheibriados
Elyvilon
Fedhas
Kikubaaqudgha
Makhleb
Okawaru
Sif Muna
Trog
Vehumet
Xom
Yredelemnul
the Shining One


Innate Abilities, Weirdness & Mutations

You have hooves in place of feet.
Armour fits poorly on your strangely shaped body.
You digest meat inefficiently.
You cover ground very quickly.
You have a fast metabolism.
You have extremely tough skin (AC +3).


Message History

You closely miss the orc warrior.
The orc warrior hits you with an orcish great mace!
The orc priest calls down the wrath of Beogh upon you.
Something smites you!
* * * LOW HITPOINT WARNING * * *
You are too injured to fight recklessly!
You are too injured to fight recklessly!
You are too injured to fight recklessly!
You slash the orc warrior!
The orc warrior is heavily wounded.
You hit the orc warrior. You kick the orc warrior!
The orc warrior is moderately wounded.
The orc warrior hits you with an orcish glaive!
* * * LOW HITPOINT WARNING * * *
You slash the orc warrior! You kick the orc warrior.
The orc warrior is almost dead.
You slash the orc warrior!
The orc warrior is severely wounded.
The orc warrior hits you with an orcish great mace!
You die...

########## ###########
#.......(# #.........##
#........####.........>.
#.....................#
#........####.........#
#........# ####@######
#######.## #oo# #####..#
##.## #.....## #o.#
#.##### ##.### ##'#####
#...# .......###
#######)## .......+.###
#.....%.%# .......#...#
#.....)o.#


You could see 2 orc warriors and an orc priest.

Vanquished Creatures
  A troll (D:9)
  A hippogriff (D:8)
  Menkaure (D:7)
  A black bear (D:9)
  A dwarf (D:8)
  2 orc warriors
  A phantom (D:8)
  2 ogres
  A yellow wasp (D:9)
  A komodo dragon zombie (D:9)
  5 giant frogs
  A hound (D:5)
  3 crimson imps
  2 orc priests (D:9)
  An iguana (D:4)
  3 orc wizards
  4 worker ants
  2 hound skeletons
  2 adders
  3 worms
  4 giant geckos
  An ooze (D:5)
  22 orcs
  4 bats
  4 hobgoblins
  7 kobolds
  2 quokkas
  2 giant spores (D:9)
  2 goblins (D:3)
  A hobgoblin skeleton (D:8)
  A quokka skeleton (D:8)
  3 rats
  5 ballistomycetes (D:9)
96 creatures vanquished.

Vanquished Creatures (others)
  An ogre (D:9)
1 creature vanquished.

Grand Total: 97 creatures vanquished

Notes
Turn   | Place    | Note
--------------------------------------------------------------
     0 | D:1      | dragonspawn, the Centaur Berserker, began the quest for the Orb.
     0 | D:1      | Reached XP level 1. HP: 19/19 MP: 0/0
   181 | D:4      | Noticed a worker ant
   189 | D:4      | Reached XP level 2. HP: 26/26 MP: 1/1
   190 | D:4      | Killed a worker ant
   190 | D:4      | Reached XP level 3. HP: 33/33 MP: 2/2
   312 | D:3      | Reached skill level 4 in Axes
   331 | D:4      | Found a staircase to the Ecumenical Temple.
   367 | D:4      | Noticed an iguana
   373 | D:4      | Killed an iguana
   373 | D:4      | Reached XP level 4. HP: 39/39 MP: 2/2
   390 | Temple   | Entered the Ecumenical Temple
   439 | D:4      | Acquired Trog's second power
   463 | D:5      | Entered Level 5 of the Dungeon
   663 | D:5      | Upgraded the game from 0.13.1-34-g5444d2b to 0.13.1-36-g052d4d5
   706 | D:5      | Reached skill level 5 in Axes
   711 | D:5      | Reached XP level 5. HP: 27/45 MP: 3/3
  1134 | D:8      | Noticed an orc warrior
  1143 | D:8      | Reached skill level 6 in Axes
  1143 | D:8      | Killed an orc warrior
  1143 | D:8      | Reached XP level 6. HP: 50/52 MP: 4/4
  1301 | D:7      | Reached skill level 7 in Axes
  1316 | D:7      | Reached XP level 7. HP: 33/58 MP: 4/4
  1322 | D:7      | Noticed Menkaure
  1334 | D:7      | Killed Menkaure
  1413 | D:8      | Noticed a hippogriff
  1427 | D:8      | Killed a hippogriff
  1427 | D:8      | Reached skill level 8 in Axes
  1466 | D:8      | Noticed an ogre
  1493 | D:8      | Killed an ogre
  1610 | D:8      | Noticed a phantom
  1650 | D:8      | Killed a phantom
  1658 | D:8      | Noticed an ogre
  1675 | D:8      | an ogre changed into a dwarf
  1685 | D:8      | Reached skill level 9 in Axes
  1685 | D:8      | Reached XP level 8. HP: 26/66 MP: 5/5
  1879 | D:9      | Found a snail-covered altar of Cheibriados.
  2141 | D:9      | Reached skill level 10 in Axes
  2185 | D:9      | Noticed a troll
  2196 | D:9      | Killed a troll
  2291 | D:9      | Reached skill level 11 in Axes
  2339 | D:9      | Reached XP level 9. HP: 61/71 MP: 6/6
  2353 | D:9      | Paralysed by a yellow wasp for 2 turns
  2506 | D:9      | Mangled by an orc warrior

Action                   |  1- 3 |  4- 6 |  7- 9 || total
-------------------------+-------+-------+-------++-------
Melee: Hand axe          |    25 |   114 |   137 ||   276
       War axe           |       |       |    34 ||    34
Invok: Berserk           |     2 |     1 |     9 ||    12
       Trog's Hand       |       |     1 |     8 ||     9
Evoke: Wand              |       |       |     7 ||     7
  Use: Scroll            |       |       |    11 ||    11
